 Dungeon Crawl Stone Soup version 0.28.0 (webtiles) character file.

Game seed: 14037793198005769976

182 Findor the Cudgeller (level 5, -16/30 HPs)
             Began as a Gargoyle Gladiator on Feb 8, 2022.
             Demolished by an ogre (18 damage)
             ... on level 4 of the Dungeon.
             The game lasted 00:04:01 (3556 turns).

Findor the Cudgeller (Gargoyle Gladiator)           Turns: 3556, Time: 00:04:01

Health: -16/30     AC: 18    Str: 20    XL:     5   Next: 62%
Magic:  0/5        EV:  8    Int:  8    God:
Gold:   15         SH:  0    Dex: 11    Spells: 4/4 levels left

rFire   . . .      SeeInvis .   a - +0 flail
rCold   . . .      Faith    .   (no shield)
rNeg    + . .      Spirit   +   n - +0 chain mail
rPois   ∞          Reflect  .   c - +0 helmet
rElec   +          Harm     .   (no cloak)
rCorr   .          Rampage  .   j - +0 pair of gloves
Will    .....                   (no boots)
Stlth   ..........              r - amulet of guardian spirit
HPRegen 0.10/turn               i - ring of wizardry
MPRegen 0.09/turn               b - +4 ring of protection

@: no status effects
A: sickness immunity, AC +4, negative energy resistance 1, electricity
resistance, torment resistance 1, petrification resistance
a: no special abilities


You were on level 4 of the Dungeon.
You visited 1 branch of the dungeon, and saw 4 of its levels.

You collected 178 gold pieces.
You spent 163 gold pieces at shops.


Innate Abilities, Weirdness & Mutations

You are immune to sickness and miasma.
Your stone body is resilient. (AC +4)
You are immune to poison.
You resist negative energy. (rN+)
You are resistant to electric shocks. (rElec)
You are resistant to unholy torment.
You are immune to petrification.


   Skills:
 - Level 2.1 Fighting
 * Level 6.1 Maces & Flails
 - Level 1.7 Throwing
 - Level 2.4 Dodging


You had 4 spell levels left.
You didn't know any spells.
Your spell library contained the following spells:

 Spells                   Type           Power      Damage    Failure   Level
 Animate Skeleton         Necr           0%         N/A       89%         1
 Apportation              Tloc           0%         N/A       89%         1
 Summon Small Mammal      Summ           0%         N/A       89%         1
 Fulminant Prism          Conj/Hex       0%         3d6       100%        4
 Iskenderun's Mystic Bla  Conj/Tloc      0%         2d3       100%        4
 Lee's Rapid Deconstruct  Erth           0%         3d5*      100%        5

Inventory:

Hand Weapons
 a - a +0 flail (weapon)
Missiles
 d - 3 throwing nets (quivered) {!f}
Armour
 c - a +0 helmet (worn)
 j - a +0 pair of gloves (worn)
   (You found it on level 1 of the Dungeon)
 n - a +0 chain mail (worn)
   (You found it on level 2 of the Dungeon)
Jewellery
 b - a +4 ring of protection (right hand)
   (You found it on level 2 of the Dungeon)
 i - a ring of wizardry (left hand)
   (You found it on level 1 of the Dungeon)
 r - an amulet of guardian spirit (around neck)
   (You found it on level 4 of the Dungeon)
 t - a ring of positive energy
   (You found it on level 4 of the Dungeon)
Wands
 x - a wand of acid (6)
   (You found it on level 4 of the Dungeon)
Scrolls
 e - 5 scrolls of identify {unknown}
 f - a scroll of fog {unknown}
 g - a scroll of fear {unknown}
 h - 2 scrolls of teleportation {unknown}
 k - 3 scrolls of silence {unknown}
 l - a scroll of magic mapping {unknown}
 o - 2 scrolls of vulnerability {unknown}
 p - a scroll of noise {unknown}
 q - 2 scrolls of blinking
Potions
 m - 2 potions of curing {@q1}
 s - a potion of degeneration {unknown}
 u - 3 potions of heal wounds {@q2}


Message History

You barely miss the water moccasin zombie.
The water moccasin zombie bites you.
The water moccasin zombie bites you but does no damage.
You barely miss the water moccasin zombie.
The water moccasin zombie bites you but does no damage.
You sock the water moccasin zombie!
The water moccasin zombie barely misses you.
You sock the water moccasin zombie! You punch the water moccasin zombie.
The water moccasin zombie bites you but does no damage. x2
You sock the water moccasin zombie!
The water moccasin zombie bites you but does no damage.
You closely miss the water moccasin zombie.
The water moccasin zombie closely misses you.
You hit the water moccasin zombie.
The water moccasin zombie bites you but does no damage. x2
You closely miss the water moccasin zombie.
The water moccasin zombie bites you.
You hit the water moccasin zombie.
The water moccasin zombie bites you but does no damage.
You hit the water moccasin zombie.
You destroy the water moccasin zombie!
Your Maces & Flails skill increases to level 6!
u - 3 potions of heal wounds {@q2} (gained 1)
Found 23 arrows.
An ogre comes into view. It is wielding a +0 giant club.
The ogre shouts!
An ogre is nearby!
Okay, then.
Aiming: Corrosive Bolt
Press: ? - help, Shift-Dir - straight line, f - ogre
Aim: an ogre, wielding a +0 giant club (86% to hit)
The bolt of acid hits the ogre!
The acid corrodes the ogre!
Aiming: Corrosive Bolt
Press: ? - help, Shift-Dir - straight line, f/p - ogre
Aim: an ogre, wielding a +0 giant club (moderately wounded, covered in acid, 86% to hit)
The bolt of acid hits the ogre!
The ogre closely misses you.
You hit the ogre. You barely miss the ogre.
The ogre hits you with a +0 giant club!
You closely miss the ogre. The ogre hits you with a +0 giant club.
You barely miss the ogre. The ogre hits you with a +0 giant club!
* * * LOW HITPOINT WARNING * * *
You hit the ogre. You punch the ogre. The ogre hits you with a +0 giant club!
* * * LOW HITPOINT WARNING * * *
Unknown command.
Unknown command.
You hit the ogre but do no damage.
The ogre hits you with a +0 giant club!!
Ouch! That really hurt!
You die...

##...## #..### #.#
##+## #..#.. .#
#.# #..#.# #.#
#..... ##.######
... ##.......# #.#
##.....##.# #.#
........#.# #O#
###..##.#.######@#
#..##..........#
#..####.########
#..# #.# #..####.#
#.(.....#
###.###### #.....#
#.###.########


You could see an ogre (corroded).

Vanquished Creatures
  A water moccasin zombie (D:4)
  A gnoll (D:1)
  3 adders
  A white imp (D:3)
  4 worms
  3 dart slugs
  5 endoplasms
  6 giant cockroaches
  4 goblins
  4 hobgoblins
  5 jackals
  9 kobolds
  4 quokkas
  4 ball pythons
  5 bats
  3 frilled lizards
  2 rats
64 creatures vanquished.

Notes
Turn   | Place    | Note
-------+----------+-------------------------------------------
     0 | D:1      | Findor the Gargoyle Gladiator began the quest for the Orb.
     0 | D:1      | Reached XP level 1. HP: 12/12 MP: 1/1
   324 | D:1      | Reached XP level 2. HP: 17/17 MP: 2/2
   325 | D:1      | Found a faded altar of an unknown god.
   793 | D:1      | Reached skill level 4 in Maces & Flails
   793 | D:1      | Reached XP level 3. HP: 18/21 MP: 3/3
  1449 | D:2      | Reached XP level 4. HP: 26/26 MP: 4/4
  1719 | D:3      | Found Duyzobou's Antique Weapon Shoppe.
  1824 | D:3      | Reached skill level 5 in Maces & Flails
  2034 | D:3      | Found Unlietz's General Store.
  2043 | D:3      | Bought a scroll of blinking for 75 gold pieces
  2105 | D:3      | Found Ehodum's Book Shoppe.
  2197 | D:3      | Found Gutsow's Antique Armour Emporium.
  2435 | D:3      | Found Efokhusa's Weapon Shoppe.
  2826 | D:4      | Reached XP level 5. HP: 30/30 MP: 5/5
  3254 | D:4      | Found Gugeanni's Distillery.
  3265 | D:4      | Bought a potion of heal wounds for 55 gold pieces
  3265 | D:4      | Bought a potion of curing for 33 gold pieces
  3432 | D:4      | Reached skill level 6 in Maces & Flails
  3546 | D:4      | Noticed an ogre
  3555 | D:4      | HP: 2/30 [ogre (9)]
  3556 | D:4      | Demolished by an ogre

Levels and vault maps discovered:
D:1:      psy_arrival_spokes, layout_loops_ring,
          hellmonk_ecumenical_altar_blasted
D:2:      layout_basic
D:3:      layout_loops_corners, serial_shops, nicolae_shop_hallway_stairs,
          nicolae_shop_hallway_stairs, shop, nicolae_lakefront_shop, shop
D:4:      layout_loops_corners, serial_shops, nicolae_square_shop

Action                   |  1- 3 |  4- 6 || total
-------------------------+-------+-------++-------
Melee: Flail             |    99 |    98 ||   197
       Punch             |     2 |     3 ||     5
Evoke: Wand              |       |     2 ||     2
Armor: Ring mail         |    63 |     2 ||    65
       Chain mail        |       |    60 ||    60
Dodge: Dodged            |    68 |    35 ||   103
